[ PARTIDA AOE2 · #481419927 ]
UnrankedEslavos vs Franks
[ ANÁLISIS DE REPETICIÓN · EXTRAÍDO DE LA PARTIDA GRABADA ]
Feudal
15:32
Castillos
25:06
Imperial
51:38
| APM promedio | 22.7 |
| APM pico | 51 |
| eAPM promedio | 13.9 |
| Aldeanos / militares | 111 / 358 |
Foco
⚔️ 55.8% · 🌾 44.2%
Boyar ×259 · Spearman ×60 · Cavalry Archer ×12 · Skirmisher ×8 · Trebuchet (Packed) ×8 · Battering Ram ×5
Feudal
13:47
Castillos
20:45
Imperial
46:38
| APM promedio | 28.1 |
| APM pico | 101 |
| eAPM promedio | 16.7 |
| Aldeanos / militares | 90 / 240 |
Foco
⚔️ 35.2% · 🌾 64.8%
Knight ×143 · Spearman ×52 · Throwing Axeman ×15 · Trebuchet (Packed) ×11 · Mangonel ×10 · Monk ×6
Feudal
14:28
Castillos
51:25
Imperial
—
| APM promedio | 6.9 |
| APM pico | 18 |
| eAPM promedio | 5.2 |
| Aldeanos / militares | 51 / 64 |
Foco
⚔️ 35.7% · 🌾 64.3%
Spearman ×55 · War Elephant ×7 · Monk ×2
Feudal
11:20
Castillos
39:43
Imperial
55:48
| APM promedio | 16.0 |
| APM pico | 61 |
| eAPM promedio | 9.5 |
| Aldeanos / militares | 97 / 166 |
Foco
⚔️ 45.8% · 🌾 54.2%
Scout Cavalry ×45 · Spearman ×32 · Skirmisher ×30 · Archer ×28 · Genoese Crossbowman ×24 · Trebuchet (Packed) ×3
Mapa de la partida
Recursos iniciales + cada clic de construcción. Líneas = muros · curvas = relieve. ◆ oro · ⬟ piedra · ● bayas · ✦ reliquia · ◌ hueco del cierre
Tu base· Abierta — el rival se encerró
Base de çupra· ✓ Cerrada en 20:45 · 11t muro · sin puerta
Base de michael· ✓ Cerrada en 51:25 · 87t muro · 1 puerta(s)
Base de Spy· ✓ Cerrada en 39:43 · 8t muro · sin puerta
Terreno inicial suavizado · ◌ = hueco del cierre detectado · pasá el cursor para detalles
Inputs por minuto
— Encryption - - çupra
Build order — Encryption
Primeras 150 de 603 acciones detectadas
| 0:16 | Crear | Villager (Male) |
| 0:19 | Investigar | Loom |
| 0:19 | Crear | Villager (Male) |
| 0:20 | Crear | Villager (Male) |
| 0:20 | Crear | Villager (Male) |
| 0:20 | Crear | Villager (Male) |
| 0:20 | Crear | Villager (Male) |
| 0:30 | Construir | House |
| 1:32 | Construir | Palisade Wall |
| 1:48 | Construir | Palisade Gate |
| 2:38 | Construir | Lumber Camp |
| 3:24 | Crear | Villager (Male) |
| 3:24 | Crear | Villager (Male) |
| 3:25 | Crear | Villager (Male) |
| 3:49 | Crear | Villager (Male) |
| 3:49 | Crear | Villager (Male) |
| 3:57 | Construir | House |
| 4:00 | Construir | House |
| 4:01 | Construir | House |
| 4:50 | Crear | Villager (Male) |
| 4:50 | Crear | Villager (Male) |
| 4:50 | Crear | Villager (Male) |
| 5:44 | Construir | House |
| 5:49 | Construir | House |
| 6:34 | Construir | Lumber Camp |
| 6:39 | Crear | Villager (Male) |
| 6:41 | Crear | Villager (Male) |
| 6:41 | Crear | Villager (Male) |
| 6:41 | Crear | Villager (Male) |
| 6:41 | Crear | Villager (Male) |
| 6:42 | Crear | Villager (Male) |
| 8:41 | Crear | Villager (Male) |
| 8:50 | Crear | Villager (Male) |
| 8:50 | Crear | Villager (Male) |
| 8:50 | Crear | Villager (Male) |
| 9:47 | Construir | House |
| 9:48 | Construir | House |
| 10:09 | Crear | Villager (Male) |
| 10:09 | Crear | Villager (Male) |
| 10:35 | Construir | Mill |
| 10:51 | Construir | Mill |
| 11:56 | Crear | Villager (Male) |
| 11:58 | Crear | Villager (Male) |
| 13:16 | Construir | Barracks |
| 13:23 | Investigar | Feudal Age |
| 15:32 | Edad | Edad Feudal |
| 15:38 | Crear | Villager (Male) |
| 15:38 | Crear | Villager (Male) |
| 15:39 | Crear | Villager (Male) |
| 15:39 | Crear | Villager (Male) |
| 15:40 | Crear | Villager (Male) |
| 15:48 | Investigar | Horse Collar |
| 15:55 | Construir | Farm |
| 15:55 | Construir | Farm |
| 15:55 | Construir | Farm |
| 15:55 | Construir | Farm |
| 15:56 | Construir | Farm |
| 15:56 | Construir | Farm |
| 15:56 | Construir | Farm |
| 15:56 | Construir | Farm |
| 16:00 | Construir | Farm |
| 16:00 | Construir | Farm |
| 16:00 | Construir | Farm |
| 16:00 | Construir | Farm |
| 16:01 | Construir | Farm |
| 16:01 | Construir | Farm |
| 16:02 | Construir | Farm |
| 16:15 | Construir | Mining Camp |
| 16:20 | Crear | Villager (Male) |
| 16:20 | Crear | Villager (Male) |
| 16:42 | Crear | Villager (Male) |
| 16:43 | Crear | Villager (Male) |
| 16:59 | Construir | House |
| 17:04 | Investigar | Man-at-Arms (upgrade) |
| 17:28 | Crear | Spearman |
| 17:29 | Crear | Spearman |
| 17:29 | Crear | Spearman |
| 17:29 | Crear | Spearman |
| 17:29 | Crear | Spearman |
| 17:30 | Crear | Spearman |
| 17:30 | Crear | Spearman |
| 17:47 | Construir | Blacksmith |
| 18:06 | Construir | Archery Range |
| 18:40 | Investigar | Double-Bit Axe |
| 18:45 | Investigar | Gold Mining |
| 18:54 | Investigar | Forging |
| 19:35 | Investigar | Scale Barding Armor |
| 19:42 | Construir | Mill |
| 19:46 | Crear | Archer |
| 19:46 | Crear | Archer |
| 19:47 | Crear | Archer |
| 19:56 | Crear | Spearman |
| 19:56 | Crear | Spearman |
| 19:57 | Crear | Spearman |
| 19:57 | Crear | Spearman |
| 19:57 | Crear | Spearman |
| 19:58 | Crear | Spearman |
| 20:17 | Crear | Villager (Male) |
| 20:17 | Crear | Villager (Male) |
| 20:18 | Crear | Villager (Male) |
| 20:18 | Crear | Villager (Male) |
| 20:18 | Crear | Villager (Male) |
| 20:31 | Construir | Mining Camp |
| 21:38 | Construir | Farm |
| 21:38 | Construir | Farm |
| 21:38 | Construir | Farm |
| 21:40 | Construir | Farm |
| 21:59 | Crear | Villager (Male) |
| 21:59 | Crear | Villager (Male) |
| 22:09 | Investigar | Stone Mining |
| 22:25 | Investigar | Castle Age |
| 23:09 | Investigar | Scale Mail Armor |
| 25:00 | Construir | Mining Camp |
| 25:06 | Edad | Edad de los Castillos |
| 25:18 | Investigar | Pikeman (upgrade) |
| 25:19 | Crear | Spearman |
| 25:19 | Crear | Spearman |
| 25:20 | Crear | Spearman |
| 25:20 | Crear | Spearman |
| 25:20 | Crear | Spearman |
| 25:20 | Crear | Spearman |
| 25:21 | Crear | Spearman |
| 25:21 | Crear | Spearman |
| 25:21 | Crear | Spearman |
| 25:21 | Crear | Spearman |
| 26:08 | Crear | Spearman |
| 26:18 | Construir | Town Center |
| 26:41 | Crear | Villager (Male) |
| 26:41 | Crear | Villager (Male) |
| 26:42 | Crear | Villager (Male) |
| 26:42 | Crear | Villager (Male) |
| 26:43 | Crear | Villager (Male) |
| 26:49 | Crear | Villager (Male) |
| 26:49 | Crear | Villager (Male) |
| 28:58 | Construir | Castle |
| 29:06 | Crear | Villager (Male) |
| 29:06 | Crear | Villager (Male) |
| 29:10 | Construir | Farm |
| 29:23 | Crear | Villager (Male) |
| 29:23 | Crear | Villager (Male) |
| 29:24 | Crear | Villager (Male) |
| 30:23 | Construir | Mining Camp |
| 30:34 | Construir | Lumber Camp |
| 31:20 | Crear | Spearman |
| 31:21 | Crear | Spearman |
| 31:21 | Crear | Spearman |
| 31:21 | Crear | Spearman |
| 31:21 | Crear | Spearman |
| 31:22 | Crear | Spearman |
| 31:22 | Crear | Spearman |
Build order — çupra
Primeras 150 de 498 acciones detectadas
| 0:01 | Crear | Villager (Male) |
| 0:01 | Crear | Villager (Male) |
| 0:01 | Crear | Villager (Male) |
| 0:02 | Crear | Villager (Male) |
| 0:02 | Crear | Villager (Male) |
| 0:05 | Construir | House |
| 0:19 | Construir | House |
| 0:25 | Construir | Palisade Wall |
| 1:32 | Construir | House |
| 1:36 | Construir | Palisade Wall |
| 1:38 | Construir | Palisade Wall |
| 1:41 | Construir | Palisade Wall |
| 1:49 | Construir | House |
| 1:56 | Crear | Villager (Male) |
| 1:56 | Crear | Villager (Male) |
| 2:15 | Construir | Palisade Wall |
| 2:17 | Construir | Palisade Wall |
| 2:21 | Crear | Villager (Male) |
| 2:38 | Crear | Villager (Male) |
| 2:38 | Crear | Villager (Male) |
| 3:22 | Crear | Villager (Male) |
| 3:22 | Crear | Villager (Male) |
| 3:22 | Crear | Villager (Male) |
| 3:49 | Construir | Lumber Camp |
| 4:03 | Crear | Villager (Male) |
| 4:03 | Crear | Villager (Male) |
| 4:03 | Crear | Villager (Male) |
| 4:16 | Crear | Villager (Male) |
| 5:33 | Crear | Villager (Male) |
| 5:33 | Crear | Villager (Male) |
| 6:37 | Investigar | Loom |
| 6:37 | Crear | Villager (Male) |
| 6:53 | Crear | Villager (Male) |
| 6:53 | Crear | Villager (Male) |
| 7:28 | Crear | Villager (Male) |
| 7:40 | Crear | Villager (Male) |
| 8:15 | Crear | Villager (Male) |
| 8:21 | Construir | Mill |
| 8:24 | Crear | Villager (Male) |
| 8:38 | Crear | Villager (Male) |
| 9:06 | Construir | House |
| 9:15 | Construir | Mining Camp |
| 9:18 | Construir | House |
| 9:20 | Construir | House |
| 9:24 | Crear | Villager (Male) |
| 10:29 | Crear | Villager (Male) |
| 10:32 | Crear | Villager (Male) |
| 10:42 | Investigar | Feudal Age |
| 10:55 | Construir | Mining Camp |
| 10:59 | Construir | House |
| 11:00 | Construir | House |
| 11:56 | Construir | Barracks |
| 12:01 | Construir | House |
| 12:46 | Construir | Farm |
| 12:50 | Construir | Farm |
| 13:03 | Construir | House |
| 13:47 | Edad | Edad Feudal |
| 13:54 | Construir | Stable |
| 14:00 | Investigar | Man-at-Arms (upgrade) |
| 14:03 | Crear | Villager (Male) |
| 14:03 | Crear | Villager (Male) |
| 14:36 | Construir | Farm |
| 14:38 | Crear | Villager (Male) |
| 14:38 | Crear | Villager (Male) |
| 14:59 | Construir | Market |
| 15:01 | Crear | Villager (Male) |
| 15:01 | Crear | Villager (Male) |
| 15:07 | Construir | Farm |
| 15:33 | Construir | Farm |
| 15:35 | Crear | Villager (Male) |
| 15:55 | Construir | Farm |
| 16:04 | Construir | Farm |
| 16:23 | Investigar | Double-Bit Axe |
| 16:25 | Crear | Villager (Male) |
| 16:34 | Crear | Villager (Male) |
| 16:56 | Construir | Farm |
| 16:58 | Crear | Villager (Male) |
| 17:04 | Crear | Spearman |
| 17:04 | Crear | Spearman |
| 17:19 | Construir | Farm |
| 17:21 | Crear | Villager (Male) |
| 17:47 | Construir | Farm |
| 18:03 | Investigar | Castle Age |
| 18:30 | Crear | Spearman |
| 18:30 | Crear | Spearman |
| 18:32 | Crear | Spearman |
| 18:32 | Crear | Spearman |
| 19:17 | Construir | Stable |
| 20:37 | Construir | Blacksmith |
| 20:45 | Edad | Edad de los Castillos |
| 21:00 | Construir | Castle |
| 21:04 | Crear | Knight |
| 21:04 | Crear | Knight |
| 21:04 | Crear | Knight |
| 21:09 | Crear | Knight |
| 21:09 | Crear | Knight |
| 21:15 | Investigar | Gold Mining |
| 21:18 | Crear | Villager (Male) |
| 21:19 | Crear | Villager (Male) |
| 21:19 | Crear | Villager (Male) |
| 21:20 | Crear | Villager (Male) |
| 21:22 | Crear | Villager (Male) |
| 21:27 | Investigar | Scale Barding Armor |
| 21:56 | Construir | Farm |
| 22:11 | Construir | Castle |
| 22:27 | Crear | Knight |
| 22:27 | Crear | Knight |
| 22:31 | Crear | Knight |
| 22:56 | Crear | Villager (Male) |
| 23:02 | Construir | Farm |
| 23:10 | Crear | Knight |
| 23:10 | Crear | Knight |
| 23:23 | Construir | Siege Workshop |
| 23:34 | Construir | House |
| 23:35 | Construir | House |
| 23:35 | Construir | House |
| 23:35 | Construir | House |
| 23:35 | Construir | House |
| 23:35 | Construir | House |
| 24:27 | Crear | Mangonel |
| 24:27 | Crear | Mangonel |
| 24:44 | Crear | Villager (Male) |
| 24:44 | Crear | Villager (Male) |
| 25:20 | Construir | Town Center |
| 25:23 | Crear | Villager (Male) |
| 25:24 | Crear | Villager (Male) |
| 25:39 | Crear | Mangonel |
| 25:54 | Construir | Farm |
| 25:57 | Crear | Knight |
| 25:57 | Crear | Knight |
| 26:04 | Investigar | Gold Shaft Mining |
| 26:57 | Crear | Villager (Male) |
| 26:57 | Crear | Villager (Male) |
| 27:01 | Crear | Knight |
| 27:01 | Crear | Knight |
| 27:03 | Crear | Knight |
| 27:03 | Crear | Knight |
| 27:56 | Construir | Farm |
| 28:12 | Crear | Battering Ram |
| 28:13 | Crear | Battering Ram |
| 28:18 | Construir | Farm |
| 28:41 | Construir | Farm |
| 28:42 | Construir | Farm |
| 28:45 | Crear | Knight |
| 28:45 | Crear | Knight |
| 28:48 | Crear | Knight |
| 30:04 | Investigar | Wheelbarrow |
| 30:04 | Crear | Villager (Male) |
| 30:04 | Crear | Villager (Male) |
| 30:04 | Crear | Villager (Male) |
Build order — michael
Primeras 150 de 194 acciones detectadas
| 0:02 | Crear | Villager (Male) |
| 0:02 | Crear | Villager (Male) |
| 0:02 | Crear | Villager (Male) |
| 0:03 | Crear | Villager (Male) |
| 0:03 | Crear | Villager (Male) |
| 0:05 | Investigar | Loom |
| 0:10 | Construir | House |
| 0:48 | Construir | House |
| 0:50 | Construir | House |
| 1:52 | Crear | Villager (Male) |
| 3:19 | Crear | Villager (Male) |
| 3:19 | Crear | Villager (Male) |
| 3:19 | Crear | Villager (Male) |
| 3:19 | Crear | Villager (Male) |
| 4:13 | Crear | Villager (Male) |
| 4:14 | Crear | Villager (Male) |
| 4:23 | Crear | Villager (Male) |
| 4:53 | Construir | Lumber Camp |
| 5:02 | Crear | Villager (Male) |
| 6:09 | Construir | Mill |
| 6:13 | Crear | Villager (Male) |
| 6:13 | Crear | Villager (Male) |
| 6:13 | Crear | Villager (Male) |
| 6:14 | Crear | Villager (Male) |
| 6:14 | Crear | Villager (Male) |
| 6:21 | Construir | House |
| 6:27 | Construir | House |
| 7:23 | Construir | Mill |
| 11:29 | Construir | Town Center |
| 12:24 | Investigar | Feudal Age |
| 14:23 | Construir | Lumber Camp |
| 14:28 | Edad | Edad Feudal |
| 14:36 | Construir | Stone Wall |
| 15:51 | Construir | Stone Wall |
| 17:38 | Construir | Stone Wall |
| 17:50 | Construir | Mining Camp |
| 18:03 | Crear | Villager (Male) |
| 18:03 | Crear | Villager (Male) |
| 19:24 | Construir | Barracks |
| 19:42 | Investigar | Stone Mining |
| 20:01 | Construir | House |
| 20:31 | Crear | Spearman |
| 20:31 | Crear | Spearman |
| 20:50 | Crear | Villager (Male) |
| 20:53 | Crear | Villager (Male) |
| 21:41 | Construir | Stone Wall |
| 23:02 | Construir | Stone Wall |
| 23:23 | Investigar | Wheelbarrow |
| 24:17 | Crear | Villager (Male) |
| 24:17 | Crear | Villager (Male) |
| 24:18 | Crear | Villager (Male) |
| 24:27 | Construir | Lumber Camp |
| 25:00 | Construir | Watch Tower |
| 25:11 | Construir | Stone Wall |
| 25:43 | Construir | Stone Wall |
| 26:17 | Investigar | Double-Bit Axe |
| 27:08 | Construir | Stone Wall |
| 30:35 | Construir | Town Center |
| 36:21 | Construir | Mining Camp |
| 38:41 | Construir | Mill |
| 39:51 | Construir | House |
| 39:53 | Construir | House |
| 39:54 | Construir | House |
| 39:56 | Construir | House |
| 39:57 | Construir | House |
| 40:14 | Construir | Stone Wall |
| 40:21 | Construir | Gate |
| 40:54 | Construir | Mill |
| 41:06 | Construir | Town Center |
| 44:47 | Construir | Market |
| 45:01 | Construir | Blacksmith |
| 45:15 | Crear | Villager (Male) |
| 45:15 | Crear | Villager (Male) |
| 45:16 | Crear | Villager (Male) |
| 45:16 | Crear | Villager (Male) |
| 45:16 | Crear | Villager (Male) |
| 45:16 | Crear | Villager (Male) |
| 45:17 | Crear | Villager (Male) |
| 45:17 | Crear | Villager (Male) |
| 46:52 | Construir | Farm |
| 47:12 | Construir | Farm |
| 47:17 | Construir | Farm |
| 48:53 | Construir | Farm |
| 49:00 | Investigar | Castle Age |
| 50:22 | Construir | Barracks |
| 50:28 | Construir | Barracks |
| 50:38 | Investigar | Forging |
| 50:47 | Crear | Villager (Male) |
| 51:25 | Edad | Edad de los Castillos |
| 52:04 | Construir | Farm |
| 52:09 | Construir | Farm |
| 52:12 | Construir | Farm |
| 52:15 | Construir | Farm |
| 52:41 | Construir | Castle |
| 52:52 | Investigar | Hand Cart |
| 53:03 | Investigar | Gold Mining |
| 53:19 | Investigar | Horse Collar |
| 53:39 | Construir | Monastery |
| 54:23 | Investigar | Pikeman (upgrade) |
| 54:36 | Crear | Villager (Male) |
| 54:36 | Crear | Villager (Male) |
| 55:04 | Investigar | Heavy Plow |
| 55:25 | Crear | Monk |
| 55:59 | Construir | Farm |
| 56:55 | Crear | Spearman |
| 56:55 | Crear | Spearman |
| 56:56 | Crear | Spearman |
| 56:56 | Crear | Spearman |
| 56:56 | Crear | Spearman |
| 56:57 | Crear | Spearman |
| 56:57 | Crear | Spearman |
| 56:57 | Crear | Spearman |
| 56:57 | Crear | Spearman |
| 56:58 | Crear | Spearman |
| 57:21 | Construir | Lumber Camp |
| 57:34 | Crear | Villager (Male) |
| 57:34 | Crear | Villager (Male) |
| 58:18 | Investigar | Scale Mail Armor |
| 59:08 | Crear | Monk |
| 59:15 | Crear | Villager (Male) |
| 59:15 | Crear | Villager (Male) |
| 59:26 | Construir | Lumber Camp |
| 59:35 | Crear | Spearman |
| 59:35 | Crear | Spearman |
| 59:35 | Crear | Spearman |
| 59:35 | Crear | Spearman |
| 59:36 | Crear | Spearman |
| 59:36 | Crear | Spearman |
| 59:36 | Crear | Spearman |
| 61:27 | Crear | Spearman |
| 61:27 | Crear | Spearman |
| 61:27 | Crear | Spearman |
| 61:28 | Crear | Spearman |
| 61:28 | Crear | Spearman |
| 61:28 | Crear | Spearman |
| 61:28 | Crear | Spearman |
| 61:29 | Crear | Spearman |
| 61:29 | Crear | Spearman |
| 61:29 | Crear | Spearman |
| 61:29 | Crear | Spearman |
| 62:22 | Crear | War Elephant |
| 62:34 | Construir | Farm |
| 62:53 | Construir | Town Center |
| 63:31 | Crear | War Elephant |
| 63:38 | Crear | Spearman |
| 63:38 | Crear | Spearman |
| 63:39 | Crear | Spearman |
| 64:19 | Crear | War Elephant |
| 64:20 | Crear | War Elephant |
| 64:25 | Investigar | Scale Barding Armor |
Build order — Spy
Primeras 150 de 393 acciones detectadas
| 0:03 | Construir | House |
| 0:07 | Construir | House |
| 0:08 | Crear | Villager (Male) |
| 0:09 | Crear | Villager (Male) |
| 0:09 | Crear | Villager (Male) |
| 0:09 | Crear | Villager (Male) |
| 0:09 | Crear | Villager (Male) |
| 0:50 | Construir | Palisade Wall |
| 1:48 | Crear | Villager (Male) |
| 2:20 | Crear | Villager (Male) |
| 2:34 | Crear | Villager (Male) |
| 2:34 | Crear | Villager (Male) |
| 3:13 | Crear | Villager (Male) |
| 3:21 | Construir | Lumber Camp |
| 3:24 | Crear | Villager (Male) |
| 3:24 | Crear | Villager (Male) |
| 3:47 | Crear | Villager (Male) |
| 3:47 | Crear | Villager (Male) |
| 4:53 | Crear | Villager (Male) |
| 4:53 | Crear | Villager (Male) |
| 4:54 | Crear | Villager (Male) |
| 5:15 | Crear | Villager (Male) |
| 5:22 | Construir | House |
| 5:36 | Construir | House |
| 5:46 | Crear | Villager (Male) |
| 5:46 | Crear | Villager (Male) |
| 6:54 | Crear | Villager (Male) |
| 7:30 | Construir | Mill |
| 7:36 | Crear | Villager (Male) |
| 7:36 | Crear | Villager (Male) |
| 7:36 | Crear | Villager (Male) |
| 7:48 | Crear | Villager (Male) |
| 7:48 | Crear | Villager (Male) |
| 7:48 | Crear | Villager (Male) |
| 8:12 | Crear | Villager (Male) |
| 8:19 | Crear | Villager (Male) |
| 8:20 | Crear | Villager (Male) |
| 8:41 | Construir | Mining Camp |
| 8:58 | Crear | Villager (Male) |
| 9:10 | Investigar | Feudal Age |
| 9:33 | Construir | House |
| 9:35 | Construir | House |
| 9:36 | Construir | House |
| 10:09 | Investigar | Loom |
| 11:19 | Construir | Barracks |
| 11:20 | Edad | Edad Feudal |
| 11:26 | Construir | Farm |
| 11:59 | Crear | Villager (Male) |
| 11:59 | Crear | Villager (Male) |
| 11:59 | Crear | Villager (Male) |
| 12:00 | Crear | Villager (Male) |
| 12:00 | Crear | Villager (Male) |
| 12:00 | Crear | Villager (Male) |
| 12:35 | Construir | Farm |
| 12:37 | Construir | Farm |
| 12:39 | Construir | Farm |
| 15:20 | Construir | Lumber Camp |
| 16:40 | Construir | Mill |
| 17:49 | Construir | Town Center |
| 18:10 | Investigar | Double-Bit Axe |
| 18:13 | Investigar | Horse Collar |
| 18:51 | Crear | Villager (Male) |
| 19:00 | Construir | House |
| 19:01 | Construir | House |
| 19:02 | Construir | House |
| 19:43 | Crear | Villager (Male) |
| 19:43 | Crear | Villager (Male) |
| 19:57 | Crear | Villager (Male) |
| 20:06 | Construir | House |
| 20:07 | Construir | House |
| 20:29 | Construir | Stable |
| 20:39 | Crear | Villager (Male) |
| 20:39 | Crear | Villager (Male) |
| 20:48 | Construir | Farm |
| 20:57 | Construir | Farm |
| 20:58 | Construir | Farm |
| 21:01 | Construir | Farm |
| 21:03 | Construir | Farm |
| 21:05 | Construir | Farm |
| 21:09 | Crear | Scout Cavalry |
| 21:09 | Crear | Scout Cavalry |
| 21:25 | Construir | Farm |
| 21:33 | Construir | Farm |
| 21:37 | Construir | Farm |
| 21:43 | Construir | Farm |
| 22:03 | Construir | Farm |
| 22:07 | Crear | Villager (Male) |
| 22:07 | Crear | Villager (Male) |
| 22:30 | Construir | Farm |
| 22:53 | Construir | House |
| 22:54 | Construir | House |
| 22:56 | Construir | House |
| 22:58 | Crear | Villager (Male) |
| 23:19 | Construir | Farm |
| 23:34 | Construir | Archery Range |
| 23:49 | Construir | Farm |
| 23:52 | Crear | Villager (Male) |
| 23:52 | Crear | Villager (Male) |
| 23:53 | Crear | Villager (Male) |
| 26:07 | Construir | Lumber Camp |
| 26:32 | Crear | Skirmisher |
| 26:33 | Crear | Skirmisher |
| 26:33 | Crear | Skirmisher |
| 26:33 | Crear | Skirmisher |
| 26:34 | Crear | Archer |
| 26:34 | Crear | Archer |
| 26:35 | Crear | Archer |
| 26:35 | Crear | Archer |
| 26:35 | Crear | Archer |
| 27:49 | Construir | Farm |
| 29:01 | Crear | Villager (Male) |
| 29:01 | Crear | Villager (Male) |
| 29:02 | Crear | Villager (Male) |
| 29:02 | Crear | Villager (Male) |
| 29:02 | Crear | Villager (Male) |
| 29:02 | Crear | Villager (Male) |
| 29:03 | Crear | Villager (Male) |
| 29:46 | Construir | Blacksmith |
| 29:50 | Construir | Archery Range |
| 30:32 | Construir | House |
| 30:32 | Construir | House |
| 30:34 | Construir | House |
| 30:36 | Construir | House |
| 30:37 | Construir | House |
| 30:37 | Construir | House |
| 32:15 | Construir | Farm |
| 34:06 | Crear | Archer |
| 34:06 | Crear | Archer |
| 34:31 | Construir | House |
| 34:42 | Construir | House |
| 35:24 | Construir | House |
| 35:24 | Construir | House |
| 35:25 | Construir | House |
| 35:27 | Construir | House |
| 35:28 | Construir | House |
| 35:47 | Crear | Skirmisher |
| 35:47 | Crear | Skirmisher |
| 35:47 | Crear | Skirmisher |
| 35:48 | Crear | Skirmisher |
| 35:48 | Crear | Skirmisher |
| 35:48 | Crear | Skirmisher |
| 35:48 | Crear | Skirmisher |
| 35:49 | Crear | Skirmisher |
| 35:49 | Crear | Skirmisher |
| 35:49 | Crear | Skirmisher |
| 35:49 | Crear | Skirmisher |
| 35:50 | Crear | Skirmisher |
| 35:50 | Crear | Skirmisher |
| 35:50 | Crear | Skirmisher |
| 35:54 | Crear | Skirmisher |
Cronología de la partida
| 0:25 | çupra · wall_segment Palisade Wall x6 |
| 0:50 | Spy · wall_segment Palisade Wall x8 |
| 1:32 | Encryption · wall_segment Palisade Wall x8 |
| 1:36 | çupra · wall_segment Palisade Wall x1 |
| 1:38 | çupra · wall_segment Palisade Wall x1 |
| 1:41 | çupra · wall_segment Palisade Wall x1 |
| 2:15 | çupra · wall_segment Palisade Wall x1 |
| 2:17 | çupra · wall_segment Palisade Wall x1 |
| 11:19 | Spy · first_building Barracks |
| 11:20 | Spy · age_up feudal |
| 11:56 | çupra · first_building Barracks |
| 13:16 | Encryption · first_building Barracks |
| 13:47 | çupra · age_up feudal |
| 13:54 | çupra · first_building Stable |
| 14:28 | michael · age_up feudal |
| 14:36 | michael · wall_segment Stone Wall x11 |
| 15:32 | Encryption · age_up feudal |
| 15:51 | michael · wall_segment Stone Wall x8 |
| 16:11 | çupra · first_market_buy 100 food |
| 16:16 | çupra · first_market_sell 100 wood |
| 17:38 | michael · wall_segment Stone Wall x11 |
| 18:06 | Encryption · first_building Archery Range |
| 19:24 | michael · first_building Barracks |
| 20:29 | Spy · first_building Stable |
| 20:45 | çupra · age_up castle |
| 21:00 | çupra · first_building Castle |
| 21:41 | michael · wall_segment Stone Wall x9 |
| 23:02 | michael · wall_segment Stone Wall x9 |
| 23:23 | çupra · first_building Siege Workshop |
| 23:34 | Spy · first_building Archery Range |
| 25:06 | Encryption · age_up castle |
| 25:11 | michael · wall_segment Stone Wall x3 |
| 25:43 | michael · wall_segment Stone Wall x11 |
| 27:08 | michael · wall_segment Stone Wall x13 |
| 28:58 | Encryption · first_building Castle |
| 39:43 | Spy · age_up castle |
| 40:14 | michael · wall_segment Stone Wall x12 |
| 41:12 | çupra · first_building Monastery |
| 41:44 | Spy · first_building Monastery |
| 46:31 | michael · tribute_sent a jugador 1 |
| 46:31 | michael · tribute_sent a jugador 2 |
| 46:31 | michael · tribute_sent a jugador 4 |
| 46:38 | çupra · age_up imperial |
| 47:39 | michael · tribute_sent a jugador 1 |
| 47:39 | michael · tribute_sent a jugador 2 |
| 47:39 | michael · tribute_sent a jugador 4 |
| 48:20 | Encryption · first_building Siege Workshop |
| 50:59 | Spy · first_building Castle |
| 51:25 | michael · age_up castle |
| 51:38 | Encryption · age_up imperial |
| 52:41 | michael · first_building Castle |
| 53:39 | michael · first_building Monastery |
| 54:55 | michael · tribute_sent a jugador 1 |
| 54:55 | michael · tribute_sent a jugador 2 |
| 54:55 | michael · tribute_sent a jugador 4 |
| 55:48 | Spy · age_up imperial |
| 57:55 | michael · tribute_sent a jugador 1 |
| 57:55 | michael · tribute_sent a jugador 2 |
| 57:55 | michael · tribute_sent a jugador 4 |
| 63:21 | michael · tribute_sent a jugador 1 |
| 63:21 | michael · tribute_sent a jugador 2 |
| 63:21 | michael · tribute_sent a jugador 4 |
| 64:10 | Encryption · tribute_sent a jugador 2 |
| 64:10 | Encryption · tribute_sent a jugador 3 |
| 64:10 | Encryption · tribute_sent a jugador 4 |
| 65:13 | Spy · first_building Siege Workshop |
| 70:19 | michael · tribute_sent a jugador 1 |
| 70:19 | michael · tribute_sent a jugador 2 |
| 70:19 | michael · tribute_sent a jugador 4 |
| 70:48 | çupra · resign |
[ ANÁLISIS IA · 1 CRÉDITO ]
¿Qué pasó realmente en esta partida?
Wolo.gg analiza cada decisión: build order, eco, micro, errores típicos por bracket. Análisis personalizado por WhatsApp o Discord en 30 segundos.
Guía civ
Eslavos
Perfil
Jugador #22097181